 Dungeon Crawl Stone Soup version 0.25-a0-420-g1cc7eeb0d1 (webtiles) character file.

Game seed: 17511811364758459683, levelgen mode: classic

114267 EnegeticOcto the Slicer (level 15, -7/126 HPs)
             Began as a Demigod Assassin on Jan 19, 2020.
             Mangled by a harpy (12 damage)
             ... on level 2 of the Shoals.
             The game lasted 01:12:48 (45186 turns).

EnegeticOcto the Slicer (Demigod Assassin)         Turns: 45186, Time: 01:12:48

Health: -7/126     AC: 19    Str: 26    XL:     15   Next: 68%
Magic:  30/30      EV: 17    Int: 25    God:
Gold:   254        SH:  5    Dex: 18    Spells: 3/28 levels left

rFire    . . .     SeeInvis .   a - +8 rapier (speed)
rCold    + . .     Gourm    .   U - +0 buckler
rNeg     . . .     Faith    .   h - +5 scale mail "Ifirocih" {Str+7 Dex-2}
rPois    .         Spirit   .   w - +0 helmet
rElec    .         Reflect  .   E - +2 cloak
rCorr    .         Harm     .   O - +2 pair of gloves {Dex+3}
MR       +....                  W - +0 pair of boots {Stlth+}
Stlth    ++........             N - amulet of magic regeneration
HPRegen  0.31/turn              j - ring of protection from cold
MPRegen  0.47/turn              D - +5 ring of strength

@: marked, engulfed (cannot breathe), mesmerised, very slightly contaminated,
invisible
A: high mp 1
a: no special abilities


You were on level 2 of the Shoals.
You were not hungry.

You visited 5 branches of the dungeon, and saw 26 of its levels.

You collected 2551 gold pieces.
You spent 2297 gold pieces at shops.

Inventory:

Hand Weapons
 a - a +8 rapier of speed (weapon)
Missiles
 q - 16 javelins (quivered)
 u - 3 throwing nets {!f}
 C - 9 curare-tipped darts
Armour
 g - a scarf of cloud immunity
 h - the +5 scale mail "Ifirocih" (worn) {Str+7 Dex-2}
   (You found it on level 1 of the Shoals)

   It affects your strength (+7).
   It affects your dexterity (-2).
 w - a +0 helmet (worn)
 E - a +2 cloak (worn)
 K - the cursed +1 robe of the Peasants {+Blink rElec}
   (You found it on level 5 of the Dungeon)

   It insulates you from electricity.
   It lets you blink.
   It has a curse placed upon it.
 O - a +2 pair of gloves of dexterity (worn)
 S - a +0 troll leather armour
 U - a +0 buckler (worn)
 W - a +0 pair of boots of stealth (worn)
Jewellery
 j - a ring of protection from cold (left hand)
 D - a +5 ring of strength (right hand)
 N - an amulet of magic regeneration (around neck)
Wands
 c - a wand of polymorph (10)
 d - a wand of enslavement (13)
 r - a wand of clouds (13)
 A - a wand of paralysis (11)
 F - a wand of digging (11)
 J - a wand of flame (3)
 L - a wand of disintegration (25)
Scrolls
 i - 2 scrolls of enchant armour
 n - 4 scrolls of amnesia
 o - 5 scrolls of fear {!r}
 p - 10 scrolls of remove curse {@r2}
 s - 7 scrolls of fog {!r}
 x - a scroll of blinking {@r4}
 y - 9 scrolls of teleportation {@r3 !r}
 T - 3 scrolls of identify {@r1}
 X - 2 scrolls of summoning
 Y - 2 scrolls of magic mapping {@r5 !r}
Potions
 f - 3 potions of lignification {@q6}
 k - 3 potions of magic
 l - 2 potions of resistance
 m - 2 potions of flight
 t - 4 potions of curing {@q1 !q}
 v - 6 potions of agility {@q5 !q}
 B - 4 potions of haste {@q4 !q}
 G - 4 potions of might {@q3 !q}
 H - 2 potions of cancellation
 I - a potion of ambrosia
 M - a potion of mutation
Miscellaneous
 R - a phial of floods (inert)
Comestibles
 b - 2 chunks of flesh
 e - 40 rations


   Skills:
 - Level 10.0 Fighting
 - Level 14.0 Short Blades
 - Level 1.7 Throwing
 - Level 10.0 Dodging
 - Level 3.6 Stealth
 - Level 4.0 Shields
 - Level 7.0 Spellcasting
 - Level 10.0 Hexes
 + Level 8.1 Transmutations
 - Level 5.2 Ice Magic
 + Level 8.1 Earth Magic
 - Level 5.0 Evocations


You had 3 spell levels left.
You knew the following spells:

 Your Spells              Type           Power        Failure   Level  Hunger
a - Freeze                Ice            ####         1%          1    None
b - Apportation           Tloc           #.....       16%         1    None
c - Confusing Touch       Hex            ######..     1%          3    None
d - Ensorcelled Hibernat  Hex/Ice        #####.       1%          2    None
e - Tukima's Dance        Hex            ######..     1%          3    None
f - Invisibility          Hex            ######..     36%         6    ######.
g - Statue Form           Tmut/Erth      #####....    65%         6    ######.
p - Passwall              Tmut/Erth      #####...     1%          2    None
O - Summon Butterflies    Summ           #.......     16%         1    None

Your spell library contained the following spells:

 Spells                   Type           Power        Failure   Level  Hunger
 Corona                   Hex            ######.      1%          1    None
 Sting                    Tmut/Pois      ####         3%          1    None
 Dazzling Flash           Conj/Hex       ####..       6%          3    None
 Inner Flame              Hex/Fire       ####....     6%          3    None
 Animate Skeleton         Necr           N/A          16%         1    None
 Foxfire                  Conj/Fire      #...         16%         1    None
 Magic Dart               Conj           #...         16%         1    None
 Shock                    Conj/Air       #...         16%         1    None
 Summon Small Mammal      Summ           #...         16%         1    None
 Ignite Poison            Fire/Tmut/Pois ###.....     16%         3    None
 Ozocubu's Armour         Chrm/Ice       ###.....     17%         3    None
 Poisonous Vapours        Pois/Air       #.....       24%         2    None
 Searing Ray              Conj           #.....       24%         2    None
 Swiftness                Chrm/Air       #.......     24%         2    None
 Conjure Flame            Conj/Fire      #.......     43%         3    None
 Lesser Beckoning         Tloc           #.........   43%         3    None
 Mephitic Cloud           Conj/Pois/Air  #.......     43%         3    None
 Static Discharge         Conj/Air       #.......     43%         3    None
 Fulminant Prism          Conj/Hex       ####......   21%         4    ###....
 Hailstorm                Conj/Ice       ###.....     50%         4    ###....
 Summon Ice Beast         Ice/Summ       ###.....     50%         4    ###....
 Alistair's Intoxication  Tmut/Pois      ####....     63%         5    #####..
 Borgnjor's Vile Clutch   Necr/Erth      ####......   63%         5    #####..
 Hydra Form               Tmut           #####.....   65%         6    ######.
 Airstrike                Air            #.........   85%         4    ###....
 Iskenderun's Mystic Bla  Conj/Tloc      #.......     85%         4    ###....
 Olgreb's Toxic Radiance  Pois           #.......     85%         4    ###....
 Sticky Flame             Conj/Fire      #.......     85%         4    ###....
 Fireball                 Conj/Fire      #.........   99%         5    #####..
 Lightning Bolt           Conj/Air       #.........   99%         5    #####..


Dungeon Overview and Level Annotations

Branches:
Dungeon (15/15)            Temple (0/1) D:4            Lair (6/6) D:11
 Shoals (2/4) Lair:3       Spider (0/4) Lair:4        Slime (0/5) Lair:6
    Orc (2/2) D:12            Elf (1/3) Orc:2        Vaults (0/5) D:14
 Depths (0/5) D:15

Shops:
D:4 (   D:12 }   D:13 :   Orc:2 *}!(

Annotations:
Lair:2 3 runed translucent doors, jperry's ghost, journeyman MiBe
Lair:5 1 runed translucent door, jperry's ghost, journeyman MiBe
Lair:6 1 runed translucent door, 1 exclusion
Shoals:1 exclusion: door
Shoals:2 Polyphemus


Innate Abilities, Weirdness & Mutations

You have an increased reservoir of magic. (+10% MP)


Message History

Really read
s - 8 scrolls of fog {!r}?
As you read the scroll of fog {!r}, it crumbles to dust.
The scroll dissolves into smoke.
The pull of its song draws you forwards.
You block the harpy's attack. The harpy claws you but does no damage.
The harpy misses you. The harpy claws you but does no damage.
The harpy zombie claws you. The harpy zombie misses you.
A bat zombie comes into view.
A water elemental comes into view.
The harpy claws you! The harpy claws you but does no damage.
The water elemental hits you.
The water elemental engulfs you in water!
The harpy zombie closely misses you. The harpy zombie misses you.
The harpy zombie closely misses you. The harpy zombie claws you!
The merfolk avatar chants its luring song.
Polyphemus drinks a potion.
Polyphemus suddenly seems more agile.
You block the harpy's attack. The harpy claws you but does no damage.
Really read
y - 9 scrolls of teleportation {@r3 !r}?
You cannot read scrolls while unable to breathe!
Unknown command.
You slip free of the water engulfing you.
You gasp with relief as air once again reaches your lungs.
A death yak comes into view.
The harpy zombie claws you but does no damage.
The harpy zombie closely misses you. You block the harpy's attack.
The harpy completely misses you.
A catoblepas comes into view.
The death yak gores you.
The harpy claws you but does no damage. x2
The harpy zombie misses you. The harpy zombie closely misses you.
The water elemental hits you.
The water elemental engulfs you in water!
The merfolk avatar chants its luring song.
The harpy closely misses you. The harpy misses you.
The harpy barely misses you. The harpy closely misses you.
Really read
y - 9 scrolls of teleportation {@r3 !r}?
You cannot read scrolls while unable to breathe!
Unknown command.
You cannot read scrolls while unable to breathe!
You impale the harpy zombie!!
The harpy zombie is moderately damaged.
Your lungs strain for air!
The harpy claws you but does no damage. x2
The harpy zombie completely misses you.
The harpy zombie claws you but does no damage.
A merfolk comes into view. It is wielding a +0 trident.
The death yak closely misses you. You block the merfolk's attack.
You block the harpy's attack. The harpy misses you.
You puncture the harpy zombie!
The harpy zombie is severely damaged.
Your lungs strain for air!
You block the harpy's attack. The harpy claws you but does no damage.
The harpy closely misses you. The harpy claws you but does no damage.
The harpy zombie claws you but does no damage.
The harpy zombie misses you. The water elemental hits you!
The merfolk avatar chants its luring song.
The harpy claws you but does no damage. The harpy misses you.
You puncture the harpy zombie!
The harpy zombie is severely damaged.
Your lungs strain for air!
The harpy claws you but does no damage. The harpy barely misses you.
The harpy claws you! The harpy claws you but does no damage.
A death yak comes into view.
The harpy zombie completely misses you.
The harpy zombie claws you but does no damage.
You cannot read scrolls while unable to breathe!
You fade into invisibility!
Your lungs strain for air!
The harpy screeches!
The harpy claws you but does no damage. The harpy closely misses you.
The harpy misses you. x2; You block the harpy's attack.
The harpy misses you. The harpy zombie claws you.
The harpy zombie barely misses you. You block the harpy's attack.
The harpy claws you. The harpy barely misses you.
The harpy claws you but does no damage. The death yak misses you.
The harpy closely misses you. The harpy barely misses you.
The merfolk closely misses you. The water elemental misses you.
The harpy zombie completely misses you. The harpy zombie barely misses you.
The merfolk avatar chants its luring song.
The harpy closely misses you. You block the harpy's attack.
Polyphemus throws a large rock.
The large rock hits the death yak!!
The harpy claws you!
* * * LOW HITPOINT WARNING * * *
The harpy claws you but does no damage.
The merfolk hits you from afar with a +0 trident!
* * * LOW HITPOINT WARNING * * *
You are very lightly contaminated with residual magic.
Okay, then.
Press: ? - help, v - describe, . - travel The floor, spattered with blood.
There is a cloud of blue smoke here.
You hit the water elemental.
The water elemental is lightly damaged.
* * * LOW HITPOINT WARNING * * *
Your lungs strain for air!
The harpy claws you!
* * * LOW HITPOINT WARNING * * *
You block the harpy's attack. The death yak gores you.
* * * LOW HITPOINT WARNING * * *
The harpy zombie closely misses you.
The harpy zombie claws you but does no damage.
The harpy claws you!
You die...

≈.. #.≈≈c≈≈≈≈≈≈≈≈≈≈≈≈≈≈≈≈
.. ###.≈≈Z≈≈≈≈≈≈≈≈≈≈≈≈≈≈≈≈
.....≈≈≈(≈≈≈≈≈≈≈≈≈≈≈≈≈≈≈
.....≈≈≈≈)(...≈≈≈≈≈≈≈≈≈≈≈
..≈≈≈≈≈.≈H........≈≈≈≈≈≈≈
..≈≈≈≈...§§§§§.....≈≈≈≈≈≈
.≈≈≈.....HmHZ§§.....≈≈≈≈≈≈
.≈≈≈≈...§HZHH§§§....≈≈≈≈≈≈
.≈≈≈≈.mmmE@HY§###..≈≈≈≈≈≈
≈≈≈≈..≈)m##YZ§###..≈≈≈≈≈≈
≈≈≈≈m..≈≈###Y.)#..≈≈≈≈≈≈≈
≈≈≈≈≈...m....C....≈≈≈≈≈≈≈
≈≈≈≈≈≈≈≈≈≈≈..YY...≈≈≈≈≈≈≈
≈≈≈≈≈≈≈≈≈≈≈......≈≈≈≈≈≈≈≈
≈≈≈≈≈≈≈≈≈≈≈≈≈..≈≈≈≈≈≈≈≈≈≈
≈≈≈≈≈≈≈≈≈≈≈≈≈≈≈≈≈≈≈≈≈≈≈≈≈
≈≈≈≈≈≈≈≈≈≈≈≈≈≈≈≈≈≈≈≈≈≈≈≈≈


You could see Polyphemus, a merfolk avatar, 4 death yaks, a catoblepas, a
merfolk aquamancer, 3 merfolk, a water elemental, a water nymph, 6 harpies and 3
harpy zombies.

Vanquished Creatures
  Kirke (D:15)
  An orc warlord (Orc:2)
  A stone giant (Shoals:1)
  Azrael (D:12)
  A merfolk impaler (Shoals:1)
  Harold (D:7)
  A vault guard (D:14)
  2 death knights
  5 hydras
  3 centaur warriors
  Erica (D:8)
  3 catoblepae
  A satyr (Shoals:1)
  8 two-headed ogres
  A merfolk avatar (Shoals:1)
  4 merfolk aquamancers (Shoals:1)
  Urug (Orc:1)
  2 tengu warriors (D:14)
  5 orc high priests
  2 unseen horrors
  A skeletal warrior (D:14)
  4 sea snakes (Shoals:1)
  8 harpies (Shoals:1)
  A lindwurm (Lair:6)
  4 orc knights
  A wolf spider zombie (D:15)
  10 ugly things
  3 deep elf magi (D:15)
  3 fauns
  A phantasmal warrior (D:14)
  A necromancer (D:15)
  7 manticores
  6 orc sorcerers
  3 cyclopes
  14 slime creatures
  Maurice (D:11)
  9 merfolk sirens
  3 water nymphs (Shoals:1)
  6 black mambas
  5 elephants (Lair:6)
  A naga mage (D:15)
  4 torpor snails
  Psyche (D:12)
  10 spiny frogs
  4 rime drakes
  A kobold demonologist (D:12)
  A yaktaur (shapeshifter) (D:15)
  A queen bee (shapeshifter) (D:14)
  6 komodo dragons
  2 tengu conjurers (D:13)
  2 trolls
  3 meliai (Lair:5)
  A jumping spider (Lair:4)
  4 tyrant leeches (Lair:6)
  3 merfolk
  A queen bee (Lair:5)
  A hornet (shapeshifter) (D:10)
  4 polar bears
  2 wind drakes
  9 hornets
  A wolf spider simulacrum (D:15)
  12 hippogriffs
  6 dream sheep
  6 snapping turtles
  2 redbacks (Lair:4)
  3 shadows
  25 yaks
  Sigmund (D:6)
  6 water elementals
  2 wraiths (D:14)
  3 fire elementals (D:12)
  2 hogs (D:15)
  3 wyverns
  5 basilisks
  10 humans (D:14)
  4 hungry ghosts
  2 vampire mosquitoes (D:15)
  2 wargs
  An acid dragon (D:14)
  A soldier ant (D:14)
  21 water moccasins
  2 hell hounds (D:12)
  2 ice beasts
  48 orc warriors
  5 porcupines
  4 sky beasts
  22 ogres
  A black bear (D:10)
  2 phantoms
  15 centaurs
  9 wolves
  8 crocodiles
  6 big kobolds
  15 bullfrogs
  2 gnoll sergeants
  A scorpion (D:9)
  31 killer bees
  7 wights
  2 howler monkeys (D:12)
  2 electric eels
  A crimson imp (D:5)
  A bullfrog zombie (D:6)
  5 centaur zombies
  2 quasits
  33 orc priests
  Crazy Yiuf (D:3)
  14 hounds
  6 jellies
  23 orc wizards
  Jessica (D:2)
  3 bullfrog skeletons
  10 centaur skeletons
  5 iguanas
  Ijyb (D:5)
  8 worker ants
  A hound zombie (D:10)
  A hound skeleton (D:6)
  A worker ant zombie (D:8)
  Robin (D:2)
  28 adders
  14 gnolls
  A howler monkey skeleton (D:7)
  4 shadow imps
  2 oozes (D:1)
  An adder zombie (D:5)
  3 worms
  3 dart slugs
  4 leopard geckos
  145 orcs
  7 giant cockroaches
  17 goblins
  12 hobgoblins
  13 kobolds
  12 quokkas
  A ball python (D:6)
  3 bats
  2 frilled lizards
  A leopard gecko skeleton (D:6)
  A leopard gecko zombie (D:6)
  A quokka zombie (D:5)
  7 rats
899 creatures vanquished.

Vanquished Creatures (collateral kills)
  Rupert (D:15)
  A torpor snail (Lair:6)
  A merfolk (Shoals:1)
  4 yaks (Lair:1)
  An ogre (D:5)
  4 orc warriors (Orc:2)
  An orc priest (Orc:2)
  2 orcs (Orc:2)
15 creatures vanquished.

Vanquished Creatures (others)
  A vault guard (D:14)
  A faun (Shoals:1)
  4 dancing weapons
  A water elemental (D:12)
  An electric eel (D:12)
  A bullfrog zombie (D:12)
  2 adders (Lair:3)
  2 bushes
  16 fungi
  49 plants
78 creatures vanquished.

Grand Total: 992 creatures vanquished

Notes
Turn   | Place    | Note
-------+----------+-------------------------------------------
     0 | D:1      | EnegeticOcto the Demigod Assassin began the quest for the
                  | Orb.
     0 | D:1      | Reached XP level 1. HP: 17/17 MP: 3/3
    12 | D:1      | You fall into a shaft and drop 1 floor!
    47 | D:2      | Noticed Robin
   228 | D:1      | Reached XP level 2. HP: 25/25 MP: 4/4
   582 | D:1      | Reached skill level 1 in Dodging
  1137 | D:1      | Reached XP level 3. HP: 31/31 MP: 5/5
  1454 | D:2      | Noticed Jessica
  1470 | D:2      | Killed Jessica
  1521 | D:2      | You fall into a shaft and drop 2 floors!
  1522 | D:4      | Noticed an ogre
  1523 | D:4      | Killed an ogre
  1523 | D:4      | Reached skill level 3 in Short Blades
  1523 | D:4      | Reached XP level 4. HP: 40/40 MP: 6/6
  1523 | D:4      | Reached XP level 5. HP: 46/46 MP: 7/7
  1563 | D:4      | Learned a level 1 spell: Freeze
  2389 | D:2      | Reached skill level 1 in Ice Magic
  2404 | D:2      | Reached skill level 1 in Spellcasting
  2745 | D:2      | Found a shadowy altar of Dithmenos.
  2877 | D:2      | Killed Robin
  3173 | D:3      | Reached XP level 6. HP: 44/52 MP: 10/10
  3438 | D:3      | Reached skill level 4 in Short Blades
  3564 | D:3      | Found a runed translucent door.
  3565 | D:3      | Noticed Crazy Yiuf
  3801 | D:3      | Killed Crazy Yiuf
  3990 | D:4      | Found Diruxed's Weapon Shoppe.
  4018 | D:4      | Found a staircase to the Ecumenical Temple.
  4665 | D:4      | Found a sparkling altar of Nemelex Xobeh.
  5021 | D:5      | Entered Level 5 of the Dungeon
  5026 | D:5      | Reached XP level 7. HP: 59/59 MP: 14/14
  5358 | D:5      | Reached skill level 5 in Short Blades
  5618 | D:5      | Found an iron altar of Okawaru.
  5621 | D:5      | Found a snail-covered altar of Cheibriados.
  5621 | D:5      | Found a shimmering blue altar of Sif Muna.
  5621 | D:5      | Found a shattered altar of Ashenzari.
  5649 | D:5      | Found a stormy altar of Qazlal.
  5649 | D:5      | Found a burning altar of Makhleb.
  5650 | D:5      | Found an opulent altar of Gozag.
  6101 | D:5      | Noticed Ijyb
  6116 | D:5      | Killed Ijyb
  6304 | D:5      | Reached XP level 8. HP: 66/66 MP: 17/17
  6545 | D:5      | Found a radiant altar of Vehumet.
  7019 | D:5      | Reached skill level 5 in Ice Magic
  7174 | D:5      | Got a smoking robe
  7212 | D:4      | Bought a +2 short sword of electrocution for 234 gold
                  | pieces
  7288 | D:6      | Reached skill level 1 in Evocations
  7413 | D:6      | Found a sacrificial altar of Ru.
  7552 | D:6      | Found a glowing golden altar of the Shining One.
  7674 | D:6      | Noticed Sigmund
  7698 | D:6      | Killed Sigmund
  7698 | D:6      | Reached skill level 5 in Fighting
  7850 | D:6      | Reached skill level 6 in Short Blades
  8451 | D:7      | You fall into a shaft and drop 1 floor!
  8548 | D:7      | Reached XP level 9. HP: 74/74 MP: 18/18
  8592 | D:7      | Noticed Harold
  8609 | D:7      | Killed Harold
  9135 | D:8      | Found an opulent altar of Gozag.
  9216 | D:8      | Reached skill level 7 in Short Blades
 10203 | D:8      | Noticed a two-headed ogre
 10214 | D:8      | Killed a two-headed ogre
 10214 | D:8      | Reached skill level 8 in Short Blades
 10214 | D:8      | Reached XP level 10. HP: 46/86 MP: 19/19
 11147 | D:8      | Noticed a three-headed hydra
 11163 | D:8      | Killed a one-headed hydra
 11163 | D:8      | Reached skill level 5 in Dodging
 11287 | D:8      | Noticed Erica
 11303 | D:8      | Killed Erica
 11303 | D:8      | Reached skill level 9 in Short Blades
 11986 | D:9      | Paralysed by a centaur for 4 turns
 12162 | D:9      | Reached skill level 10 in Short Blades
 12398 | D:10     | Entered Level 10 of the Dungeon
 12527 | D:10     | Identified the cursed +1 robe of the Peasants {+Blink
                  | rElec} (You found it on level 5 of the Dungeon)
 12815 | D:10     | Reached XP level 11. HP: 82/95 MP: 20/20
 13535 | D:11     | Noticed a two-headed ogre
 13576 | D:11     | Killed a two-headed ogre
 13768 | D:11     | Noticed Maurice
 13959 | D:11     | Noticed a two-headed ogre
 13981 | D:11     | Killed a two-headed ogre
 14255 | D:11     | Killed Maurice
 14524 | D:11     | Found a staircase to the Lair.
 15083 | Lair:1   | Entered Level 1 of the Lair of Beasts
 15127 | Lair:1   | Reached skill level 5 in Evocations
 15187 | Lair:1   | Found a snail-covered altar of Cheibriados.
 15386 | Lair:1   | Reached skill level 11 in Short Blades
 16273 | Lair:2   | You fall into a shaft and drop 2 floors!
 16982 | Lair:2   | Noticed a seven-headed hydra
 16987 | Lair:2   | Killed a seven-headed hydra
 17204 | Lair:2   | Found a runed translucent gate.
 17204 | Lair:2   | Found a runed translucent gate.
 17204 | Lair:2   | Found a runed translucent gate.
 17206 | Lair:2   | Noticed an 11-headed hydra
 17206 | Lair:2   | Noticed jperry's ghost (journeyman MiBe)
 17206 | Lair:2   | Noticed a 12-headed hydra
 17406 | Lair:2   | Reached XP level 12. HP: 106/106 MP: 22/22
 17923 | Lair:3   | Reached skill level 10 in Fighting
 17959 | Lair:3   | Noticed a four-headed hydra
 17972 | Lair:3   | Killed a one-headed hydra
 18307 | Lair:3   | Reached skill level 1 in Shields
 18552 | Lair:3   | Found a staircase to the Shoals.
 19515 | Lair:4   | Noticed a seven-headed hydra
 19549 | Lair:3   | Killed a one-headed hydra
 19549 | Lair:3   | Reached skill level 12 in Short Blades
 20149 | Lair:4   | Learned a level 1 spell: Apportation
 20153 | Lair:4   | Learned a level 3 spell: Confusing Touch
 20156 | Lair:4   | Learned a level 2 spell: Ensorcelled Hibernation
 20254 | Lair:4   | Found a hole to the Spider Nest.
 20650 | Lair:4   | Reached skill level 1 in Hexes
 22916 | Lair:5   | Noticed jperry's ghost (journeyman MiBe)
 23283 | Lair:5   | Noticed a five-headed hydra
 23302 | Lair:5   | Killed a three-headed hydra
 23383 | Lair:5   | Found a runed translucent door.
 24082 | Lair:5   | Learned a level 3 spell: Tukima's Dance
 24102 | Lair:6   | Entered Level 6 of the Lair of Beasts
 24132 | Lair:6   | Found a viscous altar of Jiyva.
 24132 | Lair:6   | Found a staircase to the Slime Pits.
 24142 | Lair:6   | Reached XP level 13. HP: 113/113 MP: 23/23
 24478 | Lair:6   | Reached skill level 5 in Hexes
 24492 | Lair:6   | Reached skill level 13 in Short Blades
 25331 | Lair:6   | Paralysed by a hornet for 2 turns
 25441 | Lair:6   | Paralysed by a hornet for 2 turns
 26224 | Lair:6   | Found a runed translucent door.
 26321 | Lair:6   | Paralysed by a hornet for 2 turns
 28398 | D:12     | Reached skill level 14 in Short Blades
 28415 | D:12     | Found Geol's Gadget Shoppe.
 28978 | D:12     | Found a staircase to the Orcish Mines.
 29050 | D:12     | Bought a wand of paralysis (8) for 130 gold pieces
 29065 | D:12     | Noticed Azrael
 29353 | D:12     | Killed Azrael
 29556 | D:12     | Noticed Psyche
 29563 | D:12     | Killed Psyche
 29754 | Orc:1    | Entered Level 1 of the Orcish Mines
 30640 | Orc:2    | Entered Level 2 of the Orcish Mines
 31040 | Orc:1    | Reached skill level 5 in Spellcasting
 31289 | Orc:1    | Noticed Urug
 31340 | Orc:1    | Reached XP level 14. HP: 87/121 MP: 22/25
 31679 | Orc:1    | Killed Urug
 31910 | Orc:2    | Found a roughly hewn altar of Beogh.
 32099 | Orc:2    | Found Gowug's Antique Weapon Boutique.
 32125 | Orc:2    | Found Upizum's Distillery.
 32181 | Orc:2    | Bought a potion of cancellation for 80 gold pieces
 32812 | Orc:2    | Found a staircase to the Elven Halls.
 33685 | Orc:2    | Noticed an orc warlord
 33906 | Orc:2    | Killed an orc warlord
 34122 | Orc:2    | Found a roughly hewn altar of Beogh.
 34250 | Orc:2    | Found Gikyess's General Store.
 34429 | Orc:2    | Found Micruuteo's Gadget Shoppe.
 34820 | Orc:2    | Bought a wand of acid (3) for 196 gold pieces
 34820 | Orc:2    | Bought a scroll of enchant weapon for 105 gold pieces
 34820 | Orc:2    | Bought a scroll of teleportation for 42 gold pieces
 34934 | D:12     | Bought a wand of digging (6) for 260 gold pieces
 35599 | D:13     | Found Ywaplugg's Book Emporium.
 35608 | D:13     | Bought a book of Party Tricks for 700 gold pieces
 35610 | D:13     | Learned a level 1 spell: Summon Butterflies
 35617 | D:13     | Learned a level 6 spell: Invisibility
 36266 | D:14     | Reached skill level 10 in Dodging
 36278 | D:14     | Reached skill level 10 in Hexes
 36731 | D:14     | Identified a scroll of acquirement
 36731 | D:14     | Identified the Handbook of the Mutagenic Rocks (You
                  | acquired it on level 14 of the Dungeon)
 36731 | D:14     | Identified the +1 hat of Amelioration {+Fly Str+4 Stlth+}
                  | (You acquired it on level 14 of the Dungeon)
 36731 | D:14     | Identified the +1 short sword of Jisi Paeps {venom, rC+
                  | Stlth+} (You acquired it on level 14 of the Dungeon)
 36736 | D:14     | Learned a level 2 spell: Passwall
 36743 | D:14     | Learned a level 6 spell: Statue Form
 37002 | D:14     | Reached skill level 1 in Transmutations
 37002 | D:14     | Reached skill level 1 in Earth Magic
 37060 | D:14     | Identified the +2 plate armour of Failure {rPois Regen+
                  | Str+2} (You found it on level 14 of the Dungeon)
 37774 | D:14     | Found a gate to the Vaults.
 37926 | D:15     | Entered Level 15 of the Dungeon
 39032 | D:15     | Reached XP level 15. HP: 76/126 MP: 27/30
 39246 | D:15     | Found a staircase to the Depths.
 39272 | D:15     | Reached skill level 5 in Transmutations
 39280 | D:15     | Reached skill level 5 in Earth Magic
 39717 | D:15     | Noticed Kirke
 39838 | D:15     | Killed Kirke
 39914 | D:15     | Noticed Rupert
 39915 | D:15     | Paralysed by Rupert for 5 turns
 39928 | D:15     | Killed Rupert
 40414 | Elf:1    | Entered Level 1 of the Elven Halls
 40726 | Shoals:1 | Entered Level 1 of the Shoals
 40793 | Shoals:1 | Identified the +5 scale mail "Ifirocih" {Str+7 Dex-2} (You
                  | found it on level 1 of the Shoals)
 42155 | Shoals:1 | HP: 1/126 [something/ball of steam (31)]
 42517 | Orc:2    | Bought a potion of magic for 80 gold pieces
 42517 | Orc:2    | Bought a potion of curing for 30 gold pieces
 42517 | Orc:2    | Bought a potion of lignification for 30 gold pieces
 42517 | Orc:2    | Bought a potion of haste for 100 gold pieces
 42517 | Orc:2    | Bought a potion of curing for 30 gold pieces
 42517 | Orc:2    | Bought a potion of curing for 30 gold pieces
 42517 | Orc:2    | Bought a potion of curing for 30 gold pieces
 42517 | Orc:2    | Bought a potion of agility for 40 gold pieces
 42517 | Orc:2    | Bought 2 potions of agility for 80 gold pieces
 42517 | Orc:2    | Bought a potion of haste for 100 gold pieces
 44537 | Shoals:1 | Noticed a titan
 45179 | Shoals:2 | Noticed Polyphemus
 45186 | Shoals:2 | HP: 5/126 [death yak[Polyphemus] (4)]
 45186 | Shoals:2 | Mangled by a harpy

Levels and vault maps discovered:
D:1:      lemuel_arrival_hallway, layout_loops_ring, palyth_stone_intersect,
          chequers_serial_rivers_large_b, ebering_dispersal_statue_hall,
          minmay_tetromino_l4
D:2:      wad_woods_settlement, layout_basic,
          nicolae_dithmenos_through_a_glass_darkly, uniq_robin, uniq_jessica
D:3:      layout_loops_ring, chequers_serial_rivers_micro_c,
          uniq_crazy_yiuf_cottage
D:4:      layout_basic, temple_doors_e, first_ration, serial_shops, shop_statue,
          nemelex_xobeh_ov_fountains_minmay
D:5:      layout_basic, grunt_temple_overflow_open, kennysheep_little_box,
          uniq_ijyb
D:6:      layout_loops_ring, nicolae_tso_swordbearing_angel,
          minmay_ruined_shrine, uniq_sigmund
D:7:      layout_basic, uniq_harold
D:8:      layout_loops_cross, hangedman_ranch [blue_anna_fruit_fields],
          grunt_gozag_statues, uniq_erica
D:9:      layout_basic
D:10:     layout_basic
D:11:     layout_basic, erik_lair_island, uniq_maurice
D:12:     layout_basic, david_orc_4, serial_shops, nicolae_shop_window_shopping,
          uniq_psyche, uniq_azrael
D:13:     layout_irregular_city, serial_shops, shop_fountains
D:14:     layout_irregular_city, ximxim_vaults_locker_room,
          chequers_decorated_corner
D:15:     grunt_enter_depths_magical_seal, layout_small_grid,
          minmay_misc_feat_diagonals, uniq_rupert, uniq_kirke
Lair:1:   layout_regular_city, gauntlet_entry_generic, basic_altar,
          serial_rivers, chequers_serial_rivers_micro_c,
          chequers_serial_rivers_room_b, chequers_serial_rivers_small_a,
          chequers_serial_rivers_large_a
Lair:2:   layout_long_grid, gammafunk_ghost_hydra_chop
Lair:3:   lemuel_reptile_caves, layout_regular_city, elwin_shoals_entry_rooms
Lair:4:   layout_loops_ring, spider_nest_entry_a, lemuel_fruit_fields,
          serial_bayou_shore_a
Lair:5:   layout_roguey [special_room_bee], hellmonk_ghost_happy_afterlife,
          chequers_serial_rivers_micro_e
Lair:6:   guppyfry_lair_end_dragon, layout_hall_layers, wormcave, slime_altar_1,
          nicolae_quartered_pool_little, st_stairs_6
Shoals:1: cheibrodos_shoals_gigantism, layout_shoals,
          nicolae_shoals_water_shrine
Shoals:2: layout_shoals, nicolae_shoals_undead_eyrie, uniq_polyphemus,
          uniq_roxanne
Orc:1:    layout_diamond_mine, uniq_urug
Orc:2:    pubby_orc_utopia, serial_shops
Elf:1:    elf_arrival_002, layout_loops_corners, basic_altar,
          minmay_elf_demonology, uniq_donald, uniq_jorgrun, uniq_asterion

Skill      XL: |  1  2  3  4  5  6  7  8  9 10 11 12 13 14 15 |
---------------+----------------------------------------------+-----
Fighting       | 2 3 4 5 7 8 9 10 | 10.0
Dodging        | 1 2 4 5 7 8 10 | 10.0
Short Blades   | 3 4 5 6 8 10 11 12 14 | 14.0
Ice Magic      | 1 2 4 5 |  5.2
Spellcasting   | 1 2 4 5 7 |  7.0
Evocations     | 2 3 5 |  5.0
Shields        | 4 |  4.0
Hexes          | 4 8 10 | 10.0
Transmutations | 4 8 |  8.1
Earth Magic    | 4 8 |  8.1
Throwing       | |  1.7
Stealth        | |  3.6

Action                   |  1- 3 |  4- 6 |  7- 9 | 10-12 | 13-15 || total
-------------------------+-------+-------+-------+-------+-------++-------
Melee: Dagger            |    71 |   249 |   178 |       |       ||   498
       Short sword       |       |       |   236 |   494 |       ||   730
       Falchion          |       |       |       |    18 |       ||    18
       Rapier            |       |       |       |   612 |  2555 ||  3167
 Fire: Hunting sling     |       |       |    11 |    36 |       ||    47
Throw: Stone             |    13 |       |       |       |       ||    13
       Dart              |     6 |    17 |    39 |    67 |    13 ||   142
       Javelin           |       |       |       |       |    17 ||    17
 Cast: Freeze            |       |     4 |    29 |     7 |     3 ||    43
       Confusing Touch   |       |       |       |     4 |    90 ||    94
       Tukima's Dance    |       |       |       |       |    42 ||    42
       Ensorcelled Hiber |       |       |       |       |     6 ||     6
       Summon Butterflie |       |       |       |       |     3 ||     3
Evoke: Wand              |       |       |     2 |    27 |    35 ||    64
       Phial of floods   |       |       |       |       |     3 ||     3
  Use: Scroll            |     1 |    13 |     3 |    18 |    21 ||    56
       Potion            |       |     2 |     1 |     3 |    10 ||    16
 Stab: Sleeping          |     8 |     8 |     9 |     9 |    27 ||    61
       Paralysed         |       |       |       |     3 |    10 ||    13
       Confused          |       |       |       |     3 |   106 ||   109
       Distracted        |       |       |       |     3 |     2 ||     5
  Eat: Chunk             |     2 |    11 |    13 |    26 |    47 ||    99
       Ration            |       |       |     1 |     6 |     6 ||    13
Armor: Robe              |     9 |       |       |       |       ||     9
       Ring mail         |     9 |    51 |   128 |   248 |   235 ||   671
       Skin              |       |       |       |    32 |       ||    32
       Scale mail        |       |       |       |       |   130 ||   130
       Troll leather arm |       |       |       |       |     2 ||     2
Dodge: Dodged            |    21 |   110 |   224 |   489 |   762 ||  1606
Block: Buckler           |       |       |       |   107 |   301 ||   408
       Rpst.: Falchion   |       |       |       |     2 |       ||     2

Table legend:
 A = Non-vault XP
 B = Vault XP
 C = Vault XP percentage of total XP
 D = Non-vault monster count
 E = Vault monster count
 F = Vault count percentage of total count
                 A         B        C        D         E       F
            +---------+---------+-------+---------+---------+-------
      Total |  104954 |   58285 |  35.7 |     594 |     321 |  35.1
            +---------+---------+-------+---------+---------+-------
        D:1 |      31 |      17 |  35.4 |      13 |       6 |  31.6
        D:2 |      81 |     118 |  59.3 |      21 |      16 |  43.2
        D:3 |     183 |      40 |  17.9 |      34 |       1 |   2.9
        D:4 |     406 |       0 |   0.0 |      15 |       0 |   0.0
        D:5 |    1052 |      35 |   3.2 |      35 |       1 |   2.8
        D:6 |     946 |     220 |  18.9 |      26 |       5 |  16.1
        D:7 |     383 |    1007 |  72.4 |      14 |       1 |   6.7
        D:8 |    2555 |    3123 |  55.0 |      37 |       9 |  19.6
        D:9 |    1573 |       0 |   0.0 |      17 |       0 |   0.0
       D:10 |    2726 |       0 |   0.0 |      27 |       0 |   0.0
       D:11 |    3437 |     938 |  21.4 |      27 |       9 |  25.0
       D:12 |    8147 |    3263 |  28.6 |      34 |      22 |  39.3
       D:13 |    5585 |       0 |   0.0 |      21 |       0 |   0.0
       D:14 |    9908 |    2705 |  21.4 |      35 |      11 |  23.9
       D:15 |   13821 |    7968 |  36.6 |      45 |      12 |  21.1
     Lair:1 |    3470 |       0 |   0.0 |      19 |       0 |   0.0
     Lair:2 |    3648 |       0 |   0.0 |      13 |       0 |   0.0
     Lair:3 |    3653 |    3314 |  47.6 |       9 |      30 |  76.9
     Lair:4 |    2247 |     747 |  24.9 |       8 |       3 |  27.3
     Lair:5 |    5826 |    2455 |  29.6 |      19 |      24 |  55.8
     Lair:6 |    8593 |    6037 |  41.3 |      31 |      19 |  38.0
   Shoals:1 |   17390 |    7130 |  29.1 |      34 |      11 |  24.4
   Shoals:2 |    5208 |       0 |   0.0 |      14 |       0 |   0.0
      Orc:1 |    4085 |     855 |  17.3 |      46 |       1 |   2.1
      Orc:2 |       0 |   18313 | 100.0 |       0 |     140 | 100.0
            +---------+---------+-------+---------+---------+-------
